 Dungeon Crawl Stone Soup version 0.18-a0-721-g8fc53f4 (webtiles) character file.

1037317 4thArraOfDagon the Bludgeoner (level 27, -8/271 HPs)
             Began as a Demigod Artificer on Dec 7, 2015.
             Killed from afar by a Hell Sentinel (49 damage)
             ... with a blast of hellfire
             ... on level 7 of the Iron City of Dis on Dec 8, 2015.
             The game lasted 07:26:59 (46051 turns).

4thArraOfDagon the Bludgeoner (Demigod Artificer)  Turns: 46051, Time: 07:26:59

Health: -8/271     AC: 27    Str: 18    XL:     27
Magic:  41/50      EV: 31    Int: 28    God:
Gold:   4169       SH: 25    Dex: 18    Spells: 12 memorised, 15 levels left

rFire  + . .     SeeInvis .     L - +9 sacred scourge (holy)
rCold  . . .     Clarity  +     (armour currently unavailable)
rNeg   + + +     SustAt   +     h - +4 large shield "Urosmi" {rF+ rN+ rCorr}
rPois  ∞         Gourm    .     X - +2 hat
rElec  +         Spirit   .     t - +0 cloak of the Peculiar Stars {rPois rN+}
rCorr  +         Dismiss  .     (gloves currently unavailable)
rMut   .         Rnd*Tele +     (boots currently unavailable)
MR     ++...                    i - amulet "Hiohuh" {Clar Stlth+}
Stlth  +++.......               v - ring of teleportation
                                j - ring of Shaolin {EV+8}

@: about to teleport, statue-form (expiring), very slightly contaminated,
regenerating, repel missiles, very slow, very resistant to hostile enchantments,
fairly stealthy
A: deformed body, frail 1, high mp 1, (shaggy fur 0), sustain attributes,
MP-powered wands
a: End Transformation, Evoke Teleportation
}: 13/15 runes: decaying, slimy, silver, golden, iron, bone, abyssal, demonic,
glowing, magical, fiery, dark, gossamer


You were on level 7 of the Iron City of Dis.
You were full.
You were a stone statue.
You visited 14 branches of the dungeon, and saw 74 of its levels.
You visited Pandemonium 4 times, and saw 30 of its levels.
You visited the Abyss 7 times.
You visited 2 ziggurats, and saw 18 of their levels (deepest: 9).
You also visited: Ice Cave.

You collected 7536 gold pieces.
You spent 3367 gold pieces at shops.

Inventory:

Hand Weapons
 C - the +14 obsidian axe {chop, +Fly Str+3 SInv *Curse}
   (You took it off a deep elf knight on level 3 of the Elven Halls)

   It inflicts extra damage upon your enemies.
   It affects your strength (+3).
   It lets you see invisible.
   It lets you fly.
   It may re-curse itself when equipped.
 L - a +9 sacred scourge of holy wrath (weapon)
Armour
 b - the +0 cloak of Ucziuhus {rC+ Regen+ Stlth+}
   (You found it on level 7 of Tartarus)

   It protects you from cold.
   It increases your rate of regeneration.
   It makes you more stealthy.
 h - the +4 large shield "Urosmi" (worn) {rF+ rN+ rCorr}
   (You found it on level 2 of the Vaults)

   It protects you from fire.
   It protects you from negative energy.
   It protects you from acid and corrosion.
 t - the +0 cloak of the Peculiar Stars (worn) {rPois rN+}
   (You acquired it in Pandemonium)

   It protects you from poison.
   It protects you from negative energy.
 N - the cursed +0 robe of Noon (melded) {rElec rCorr Str+4 Int+3 Stlth-}
   (You found it on level 3 of the Tomb of the Ancients)

   It affects your strength (+4).
   It affects your intelligence (+3).
   It insulates you from electricity.
   It protects you from acid and corrosion.
   It makes you less stealthy.
   It has a curse placed upon it.
 V - the +2 pair of gloves "Kowus" (melded) {Str+3}
   (You found it on level 3 of the Tomb of the Ancients)

   It affects your strength (+3).
 X - a +2 hat (worn)
 Z - the +0 pair of boots of Dishonesty (melded) {rElec MR- Regen+ MP+9}
   (You found it on level 8 of the Lair of Beasts)

   It insulates you from electricity.
   It affects your resistance to hostile enchantments.
   It affects your magic capacity (+9).
   It increases your rate of regeneration.
Magical Staves
 y - an uncursed staff of energy {!a}
Jewellery
 c - the ring "Fuunux" {rN+ Slay+2}
   (You found it on level 3 of the Crypt)

   [ring of positive energy]

   It affects your accuracy and damage with ranged weapons and melee attacks
   (+2).
   It protects you from negative energy.
 i - the amulet "Hiohuh" (around neck) {Clar Stlth+}
   (You found it on level 6 of the Pits of Slime)

   [amulet of clarity]

   It provides mental clarity.
   It makes you more stealthy.
 j - the ring of Shaolin (left hand) {EV+8}
   (You found it on level 5 of the Vaults)

   [ring of evasion]

   It affects your evasion (+8).
 l - an uncursed ring of wizardry
 v - a ring of teleportation (right hand)
 B - an uncursed ring of see invisible
 E - the ring "Bywkeleme" {rF+ rC+}
   (You took it off a salamander stormcaller on level 5 of the Vaults)

   [ring of protection from cold]

   It protects you from fire.
   It protects you from cold.
 F - the ring "Jost" {*Corrode +Fly rC+ rN++ MP+9}
   (You found it on level 5 of a ziggurat)

   [ring of flight]

   It protects you from cold.
   It greatly protects you from negative energy.
   It affects your magic capacity (+9).
   It lets you fly.
   It may corrode your equipment when you take damage.
 H - the ring of Ysyxkuut {SustAt rElec rF++}
   (You found it on level 9 of a ziggurat)

   [ring of sustain attributes]

   It sustains your strength, intelligence and dexterity.
   It greatly protects you from fire.
   It insulates you from electricity.
Wands
 m - a wand of teleportation (7)
 p - a wand of teleportation (0)
 u - a wand of heal wounds (8)
 x - a wand of hasting (1)
 Y - a wand of disintegration (18)
Scrolls
 q - 7 scrolls of holy word
 r - 2 scrolls of blinking
 s - 9 scrolls of magic mapping
 z - 4 scrolls of summoning
 D - a scroll of fog
 M - a scroll of silence
 O - 3 scrolls of identify
 Q - 10 scrolls of remove curse
Potions
 a - 4 potions of cancellation
 d - 2 potions of invisibility
 g - a potion of cure mutation
 n - a potion of resistance
 w - 6 potions of flight
 G - 2 potions of berserk rage
 J - a potion of magic
 K - 12 potions of curing
 P - 6 potions of ambrosia
 T - 2 potions of brilliance
Miscellaneous
 e - a phial of floods
 o - a fan of gales
 A - a piece from Xom's chessboard
 I - a sack of spiders {used: 2}
 S - a lamp of fire
 W - a phantom mirror
Comestibles
 k - 19 meat rations


   Skills:
 - Level 16.5 Fighting
   Level 0.8 Short Blades
 - Level 19.0 Maces & Flails
 - Level 10.4 Armour
 - Level 15.0 Dodging
 - Level 0.8 Stealth
 * Level 17.7 Shields
 - Level 17.1 Spellcasting
   Level 7.0 Hexes
 - Level 13.7 Charms
 - Level 13.1 Necromancy
 - Level 8.0 Translocations
 - Level 10.0 Transmutations
 - Level 7.8 Air Magic
 - Level 10.1 Earth Magic
 - Level 8.0 Evocations


You had 15 spell levels left.
You knew the following spells:

 Your Spells              Type           Power        Failure   Level  Hunger
a - Apportation           Tloc           ######....   1%          1    None
b - Blink                 Tloc           N/A          1%          2    None
c - Passage of Golubria   Tloc           N/A          1%          4    None
d - Death's Door          Chrm/Necr      #######...   96%         8    ######.
e - Repel Missiles        Chrm/Air       ######       1%          2    None
f - Animate Skeleton      Necr           N/A          1%          1    None
g - Regeneration          Chrm/Necr      #######...   1%          3    None
h - Swiftness             Chrm/Air       ######..     1%          2    None
i - Dragon's Call         Summ           ###.......   100%        9    #######
j - Phase Shift           Tloc           ######....   6%          5    None
k - Statue Form           Trmt/Erth      ######...    14%         6    ###....
l - Stoneskin             Trmt/Erth      ######..     1%          2    None


Dungeon Overview and Level Annotations

Branches:
Dungeon (15/15)              Lair (8/8) D:8           Swamp (4/4) Lair:4
 Spider (4/4) Lair:3        Slime (6/6) Lair:6          Orc (4/4) D:11
    Elf (3/3) Orc:4        Vaults (5/5) D:13          Crypt (3/3) Vaults:3
   Tomb (3/3) Crypt:3      Depths (4/5) D:15           Hell (1/1)
    Dis (7/7) Hell            Tar (7/7) Hell
 Temple: D:4-7          Geh: Hell:1         Coc: Hell:1

Shops:
D:7 [:   Orc:4 ((}?   Vaults:3 %**

Portals:
Hell: Depths:3
Pandemonium: Depths:3
Trove: Elf:2 (give horn of Geryon)

Annotations:
D:2 Crazy Yiuf
D:8 FREE ABYSS
D:11 exclusion: downstairs
D:14 exclusion: efreet
Swamp:4 Lernaean hydra
Orc:2 Josephine
Elf:2 3 runed doors
Dis:7 Dispater
Tar:7 Ereshkigal


Innate Abilities, Weirdness & Mutations

You have an increased reservoir of magic (+10% MP).
Your attributes are resistant to harm.
Armour fits poorly on your strangely shaped body.
You are frail (-10% HP).
((You are covered in fur (AC +1).))
You expend magic power (3 MP) to strengthen your wands.


Message History

A Hell Sentinel comes into view.
Your transformation is almost over.
Unknown command.
Drink which item? (? for menu, Esc to quit)
You feel much better.
Unknown command.
Drink which item? (? for menu, Esc to quit)
You feel much better. The Hell Sentinel gestures at you.
The hellfire explodes!
The blast of hellfire engulfs you!
* * * LOW HITPOINT WARNING * * *
A Hell Sentinel comes into view.
Unknown command.
Evoke which item? (* to show all) (? for menu, Esc to quit)
Zapping:
m - a wand of teleportation (8)
Press: ? - help, Shift-Dir - straight line, f - you You feel strangely unstable.
This wand has 7 charges left.
The Hell Sentinel gestures at you.
The hellfire explodes!
The blast of hellfire engulfs you!
You die...

##### ## #8..#
#.
''1.....#......
''......#$.$#.#
##.....###..$.
##.....#...&.##
#...#.... #$..#
#.####...####.#
#. ...1# ..# #
#.....## #


You could see Dispater and a Hell Sentinel.

Vanquished Creatures
  Cerebov (Pan)
  the Royal Jelly (Slime:6)
  Gloorx Vloq (Pan)
  Lom Lobon (Pan)
  5 ancient liches
  2 juggernauts
  7 greater mummies
  5 Killer Klowns
  Saint Roka (Crypt:3)
  5 pandemonium lords
  2 caustic shrikes
  2 golden dragons
  Jory (Crypt:3)
  A pearl dragon (Zig:5)
  2 profane servitors
  Arachne (Spider:2)
  A bone dragon (Crypt:3)
  6 doom hounds
  2 Brimstone Fiends (Pan)
  An electric golem (Zig:7)
  10 liches
  4 Ice Fiends (Pan)
  3 Hell Sentinels (Pan)
  2 tentacled monstrosities (Vaults:5)
  2 deep elf blademasters (Elf:3)
  5 Shadow Fiends
  A quicksilver dragon (Zig:8)
  14 acid blobs
  2 deep elf master archers (Elf:3)
  8 titans
  Murray (Depths:3)
  4 sphinxes
  An eldritch tentacle (Tomb:3)
  10 ancient champions
  A thorn hunter (Swamp:4)
  2 tentacled starspawn (Abyss:5)
  4 storm dragons
  12 Executioners (Pan)
  A greater naga (Zig:8)
  Kirke (D:14)
  5 shadow dragons (Vaults:5)
  2 daevas (Pan)
  7 azure jellies
  4 revenants
  6 tengu reavers
  Wiglaf (Crypt:3)
  7 fire giants
  An azure jelly (shapeshifter) (Zig:7)
  5 deep elf sorcerers
  7 frost giants
  13 balrugs (Pan)
  2 black suns (Pan)
  12 vault wardens
  3 ghost moths
  Aizul (Depths:2)
  3 iron dragons
  3 emperor scorpions
  5 cacodemons
  2 curse skulls (Pan)
  2 juggernaut zombies (Depths:3)
  3 angels
  8 ghouls
  6 war gargoyles
  7 very ugly things
  An orc warlord (Vaults:5)
  17 reapers
  16 ironheart preservers
  8 stone giants
  3 ophanim
  4 salamander stormcallers
  10 deep elf demonologists
  An apis (Zig:5)
  7 bennus
  3 vampire knights
  A blood saint (Pan)
  6 spark wasps
  3 corrupters (Pan)
  4 lorocyprocas (Pan)
  9 deep elf annihilators
  A dire elephant (shapeshifter) (Zig:7)
  5 chaos champions
  24 vault guards
  2 fire dragons
  8 ettins
  Erolcha (D:8)
  A crystal guardian (Vaults:4)
  9 green deaths
  26 jiangshi
  8 deep elf death magi
  3 eidola
  6 death oozes
  11 mummy priests
  3 blizzard demons (Pan)
  A merfolk impaler (Depths:3)
  2 quicksilver dragon zombies
  4 deep elf high priests
  6 great orbs of eyes
  2 rakshasas (Depths:3)
  13 yaktaur captains
  4 entropy weavers
  2 ice dragons
  Fannar (Orc:2)
  2 hell beasts
  4 anacondas
  4 death knights
  18 hydras
  6 monstrous demonspawn (Pan)
  6 ogre magi
  A spriggan air mage (Zig:7)
  2 centaur warriors
  A catoblepas (Lair:8)
  20 death yaks
  3 dancing weapons
  An alligator (shapeshifter) (Depths:2)
  5 vampire magi
  2 deep troll shamans
  A holy swine (Pan)
  6 thrashing horrors
  4 deep troll earth magi
  A naga sharpshooter (Zig:8)
  2 spriggan berserkers
  25 sun demons
  8 shadow wraiths
  16 soul eaters
  11 deep elf knights
  A hell hog (Hell)
  3 wretched stars
  9 death scarabs
  7 shock serpents
  2 salamander mystics (Zig:8)
  33 skeletal warriors
  A storm dragon skeleton (Vaults:4)
  An unseen horror (Abyss:4)
  A hell knight (Crypt:3)
  A swamp dragon (shapeshifter) (Vaults:5)
  A spriggan druid (Swamp:4)
  A golden dragon zombie (Dis:7)
  An unseen horror (shapeshifter) (D:13)
  8 shadow demons
  8 deep elf summoners
  3 gelid demonspawn (Pan)
  3 giant orange brains
  7 wizards (Pan)
  An anaconda zombie (Crypt:1)
  An infernal demonspawn (Pan)
  An orange crystal statue (Zig:3)
  13 swamp dragons (Swamp:4)
  7 hill giants
  4 phantasmal warriors
  2 harpies (Vaults:5)
  5 putrid demonspawn (Pan)
  10 torturous demonspawn (Pan)
  13 ironbrand convokers
  2 anaconda skeletons
  3 shambling mangroves
  2 golden dragon skeletons
  5 flayed ghosts
  9 anubis guards
  13 necromancers
  A sphinx zombie (Zig:2)
  A spectral wolf spider (Crypt:3)
  6 orb spiders
  11 deep trolls
  A naga ritualist (Zig:8)
  18 deep elf conjurers
  19 orc knights
  3 shining eyes (Slime:6)
  A lindwurm (Lair:7)
  2 frost giant zombies
  A shadow dragon skeleton (Crypt:1)
  A stone giant zombie (Depths:3)
  A salamander (shapeshifter) (Vaults:4)
  A sphinx skeleton (Crypt:1)
  17 wolf spiders
  2 orc sorcerers
  4 griffons
  A wolf spider zombie (Crypt:1)
  A fire giant zombie (Hell)
  3 manticores (shapeshifter)
  17 sixfirhies
  A frost giant skeleton (Vaults:5)
  7 cyclopes
  7 hornets
  An iron dragon skeleton (Crypt:1)
  29 ugly things
  7 rust devils
  3 elephants (Lair:8)
  A centaur zombie (D:14)
  17 smoke demons
  A black mamba (shapeshifter) (Vaults:2)
  A guardian serpent (shapeshifter) (D:13)
  A shock serpent zombie (Tomb:3)
  11 vault sentinels
  A stone giant skeleton (Hell)
  5 apocalypse crabs
  14 orange demons
  10 black mambas
  A moth of wrath (shapeshifter) (Vaults:2)
  2 naga magi
  A dire elephant zombie (Crypt:3)
  A torpor snail (shapeshifter) (Zig:9)
  15 spiny frogs
  2 spriggan zombies (D:15)
  An eye of devastation (Slime:5)
  A guardian serpent (Zig:8)
  A shock serpent skeleton (Crypt:1)
  A dire elephant skeleton (Hell)
  A yaktaur zombie (D:15)
  34 yaktaurs
  3 centaur skeletons
  A kobold demonologist (Vaults:2)
  2 efreet (Abyss:5)
  12 demonic crawlers
  5 komodo dragons
  19 large abominations
  18 ice devils
  27 guardian mummies
  3 hellions
  6 human skeletons
  5 red devils
  8 tormentors
  A troll (shapeshifter) (Depths:2)
  12 freezing wraiths
  4 trolls
  A merfolk (Elf:3)
  16 deep elf priests
  2 giant leeches
  2 tengu conjurers (Depths:3)
  A jumping spider (shapeshifter) (Vaults:3)
  2 fire drakes (Lair:8)
  A harpy zombie (Abyss:5)
  2 polar bears
  2 shadow dragon simulacra
  A hydra zombie (Dis:7)
  10 two-headed ogres
  11 hellwings
  10 jumping spiders
  3 raiju
  3 bog bodies
  19 ushabtiu
  A fire dragon zombie (D:15)
  13 blink frogs
  5 boulder beetles
  An ettin zombie (Hell)
  69 slime creatures
  9 trapdoor spiders
  A fire giant simulacrum (Depths:3)
  3 vampires (Crypt:3)
  7 ynoxinuls (Pan)
  A black mamba zombie (Dis:7)
  47 flying skulls
  5 shadows
  A wyvern (Lair:4)
  2 spriggans (Swamp:4)
  2 ettin skeletons (Vaults:5)
  32 redbacks
  An alligator skeleton (Hell)
  5 water elementals
  2 air elementals (Zig:7)
  A basilisk (shapeshifter) (Vaults:5)
  13 tarantellas
  20 deep elf fighters
  10 wraiths
  Grum (D:8)
  A giant leech zombie (Crypt:2)
  22 deep elf magi
  60 yaks
  2 fire elementals (Hell)
  A human (shapeshifter) (Vaults:2)
  5 golden eyes (Pan)
  4 hippogriffs
  A hungry ghost (Tar:3)
  A soldier ant (D:11)
  2 wargs (shapeshifter)
  10 chaos spawn
  A mottled dragon (D:14)
  10 swamp worms
  9 wargs
  3 basilisks
  13 vampire mosquitoes
  A human zombie (Hell)
  A spiny frog zombie (Tar:7)
  24 wolves
  3 nagas
  8 neqoxecs
  9 insubstantial wisps
  A merfolk zombie (Tar:1)
  5 porcupines
  10 swamp drakes
  9 water moccasins
  A sky beast (shapeshifter) (Vaults:5)
  8 wasps
  7 eyes of draining
  3 ice beasts
  53 orc warriors
  A wasp (shapeshifter) (Zig:7)
  2 sky beasts
  An eye of draining (shapeshifter) (D:13)
  7 hell hounds
  3 black bears
  7 necrophages
  A phantom (D:7)
  16 crocodiles
  11 centaurs
  A boggart (Depths:3)
  A tengu (Depths:3)
  25 ogres
  7 elf zombies
  15 giant frogs
  2 big kobolds
  A wyvern zombie (Crypt:2)
  A water moccasin zombie (Crypt:2)
  A scorpion (D:10)
  An elf simulacrum (Vaults:4)
  6 killer bees (D:8)
  2 electric eels (Elf:3)
  An elf skeleton (Vaults:4)
  5 crimson imps
  16 wights
  9 iron imps
  3 quasits
  3 hounds
  9 small abominations
  A giant frog zombie (D:10)
  26 jellies
  21 orc priests
  A giant frog skeleton (D:7)
  30 orc wizards
  5 worker ants
  An iguana (shapeshifter) (Zig:9)
  9 iguanas
  A lightning spire (Zig:9)
  18 sheep
  2 hound zombies
  A hound skeleton (Crypt:2)
  27 mummies
  4 gnolls (D:7)
  A killer bee simulacrum (D:10)
  3 adders
  49 river rats
  A swamp drake zombie (Crypt:1)
  3 white imps
  4 shadow imps
  An ufetubus (Pan)
  2 adder skeletons
  183 orcs
  4 hobgoblins
  5 quokkas
  10 bats
  A giant newt (D:3)
  4 goblins
  9 kobolds
  12 rats
  A bush (Abyss:4)
  2 crawling corpses
  4 lost souls
2464 creatures vanquished.

Vanquished Creatures (collateral kills)
  An ancient lich (Tomb:2)
  2 Killer Klowns
  Geryon (Hell)
  2 titans
  3 acid blobs (Slime:6)
  A sphinx (Vaults:5)
  A sphinx (shapeshifter) (Vaults:5)
  2 storm dragons
  A tengu reaver (Vaults:5)
  A shadow dragon (Vaults:5)
  A fire giant (Vaults:5)
  A large abomination (Vaults:5)
  3 vault wardens
  2 azure jellies (Slime:6)
  A ghost moth (Spider:4)
  2 emperor scorpions
  A balrug (Zig:3)
  An ironheart preserver (Vaults:5)
  A very ugly thing (Depths:3)
  3 bennus
  A chaos champion (Zig:5)
  3 spark wasps
  3 vault guards
  An ogre mage (Zig:8)
  4 ettins
  A great orb of eyes (shapeshifter) (Vaults:5)
  2 deep elf high priests (Vaults:5)
  An ice dragon (Depths:2)
  A yaktaur captain (Vaults:5)
  A great orb of eyes (Slime:6)
  A hydra (Zig:4)
  2 centaur warriors (Depths:3)
  A deep troll shaman (Depths:2)
  A deep elf knight (Vaults:3)
  A flayed ghost (Depths:3)
  A deep elf summoner (Elf:1)
  2 harpies (Vaults:5)
  A necromancer (Zig:8)
  A hornet (Spider:2)
  13 orb spiders
  An ugly thing (Zig:3)
  A vault sentinel (Vaults:4)
  6 wolf spiders
  A moth of wrath (Spider:4)
  An eye of devastation (shapeshifter) (Zig:5)
  A salamander (Zig:6)
  2 black mambas
  2 yaktaurs (Depths:3)
  An ice devil (Depths:3)
  8 jumping spiders
  3 demonic crawlers
  A deep elf priest (Vaults:5)
  A guardian mummy (Tomb:1)
  A bog body (Swamp:1)
  A boulder beetle (Vaults:5)
  4 yaks
  A vampire (Crypt:3)
  7 redbacks
  2 water elementals (Depths:3)
  6 trapdoor spiders
  10 tarantellas
  A wyvern (D:13)
  A deep elf fighter (Vaults:5)
  An orc warrior (Vaults:5)
  A human zombie (Vaults:4)
  A wasp (Spider:2)
  A swamp drake (Swamp:1)
  A black bear (shapeshifter) (Zig:9)
  A crimson imp (D:13)
  An orc priest (Vaults:5)
  3 orc wizards
  4 orcs
  A goblin (D:2)
151 creatures vanquished.

Vanquished Creatures (others)
  Margery (Crypt:3)
  A pandemonium lord (Pan)
  3 eldritch tentacles
  An ancient champion (Dis:7)
  A cacodemon (Pan)
  A blood saint (Pan)
  A hell beast (Pan)
  A centaur warrior (D:14)
  6 death scarabs (Tomb:2)
  2 hill giants (Zig:6)
  A wizard (Pan)
  A hornet (Spider:4)
  2 wasps
  A smoke demon (Pan)
  A yaktaur (Vaults:3)
  A hellwing (Pan)
  A deep elf priest (Vaults:4)
  2 jumping spiders (Spider:2)
  A blink frog (Swamp:4)
  An ushabti (Tomb:2)
  A tarantella (Spider:2)
  5 flying skulls (Tomb:3)
  A redback (Spider:2)
  A deep elf fighter (Elf:3)
  A spriggan (Swamp:4)
  A fire elemental (Hell)
  A human (D:15)
  A hell hound (Dis:7)
  An orc warrior (Vaults:5)
  2 ogres
  An orc wizard (Vaults:4)
  6 sheep
  A mummy (Tomb:2)
  4 river rats (Lair:7)
  2 shadow imps
  8 ball lightnings
  An orc (Orc:1)
  A crawling corpse (Vaults:3)
  311 eldritch tentacle segments
  23 fungi
  7 lost souls
  16 plants
  12 starspawn tentacles
  33 starspawn tentacle segments
471 creatures vanquished.

Grand Total: 3086 creatures vanquished

Notes
Turn   | Place    | Note
--------------------------------------------------------------
     0 | D:1      | 4thArraOfDagon the Demigod Artificer began the quest for the Orb.
     0 | D:1      | Reached XP level 1. HP: 15/15 MP: 5/5
    10 | D:1      | Reached skill level 1 in Fighting
   219 | D:2      | time to go staves
   227 | D:2      | Noticed Crazy Yiuf
   378 | D:2      | Reached XP level 2. HP: 21/23 MP: 6/6
   720 | D:3      | Found a burning altar of Makhleb.
   787 | D:3      | :WA
   901 | D:4      | Found an opulent altar of Gozag.
   955 | D:4      | Noticed an ogre
   956 | D:4      | rip
   959 | D:4      | Killed an ogre
   959 | D:4      | Reached skill level 3 in Fighting
   959 | D:4      | Reached XP level 3. HP: 12/33 MP: 7/7
   959 | D:4      | Reached XP level 4. HP: 14/40 MP: 8/8
  1050 | D:4      | Noticed an ogre
  1139 | D:5      | Entered Level 5 of the Dungeon
  1250 | D:7      | Reached skill level 4 in Fighting
  1250 | D:7      | Reached XP level 5. HP: 46/46 MP: 9/9
  1401 | D:7      | Found Ihanidde's Antique Armour Shop.
  1472 | D:7      | Reached XP level 6. HP: 35/55 MP: 10/10
  1560 | D:7      | Reached skill level 5 in Fighting
  1688 | D:7      | Found Wyuhif's Book Boutique.
  1694 | D:7      | nice manual
  1797 | D:7      | Reached XP level 7. HP: 42/62 MP: 11/11
  2126 | D:7      | Reached skill level 5 in Dodging
  2135 | D:7      | Reached skill level 6 in Fighting
  2272 | D:8      | Noticed a yak
  2369 | D:8      | Noticed Erolcha
  2596 | D:10     | Entered Level 10 of the Dungeon
  2654 | D:10     | HP: 3/64 [something (1)]
  2885 | D:10     | Noticed a hill giant
  2988 | D:9      | Reached XP level 8. HP: 54/71 MP: 13/13
  3008 | D:9      | Reached skill level 7 in Fighting
  3096 | D:10     | Noticed a two-headed ogre
  3672 | D:10     | Reached skill level 1 in Maces & Flails
  3993 | D:11     | Found a staircase to the Orcish Mines.
  4552 | D:13     | Reached XP level 9. HP: 60/79 MP: 14/14
  4696 | D:13     | Noticed a hill giant
  4731 | D:14     | Reached skill level 5 in Maces & Flails
  4874 | D:14     | Found a frozen archway.
  4898 | IceCv    | Entered an ice cave
  4898 | IceCv    | Noticed Raultor's ghost (novice TrMo)
  5123 | D:14     | Reached skill level 8 in Maces & Flails
  5149 | D:15     | Entered Level 15 of the Dungeon
  5169 | D:15     | Noticed a cyclops
  5349 | D:15     | Noticed a necromancer
  5352 | D:15     | Noticed a hill giant
  5393 | D:14     | Noticed Kirke
  5417 | D:14     | Found a bloodstained altar of Trog.
  5434 | D:14     | Got a crude robe
  5583 | D:14     | Reached skill level 9 in Maces & Flails
  5606 | D:14     | Noticed an efreet
  5625 | D:14     | Noticed a kobold demonologist
  5648 | D:14     | Noticed a centaur warrior
  5719 | D:11     | Reached XP level 10. HP: 16/86 MP: 15/15
  5736 | D:11     | Noticed a hill giant
  5907 | D:11     | Killed a hill giant
  6135 | D:11     | Reached skill level 10 in Maces & Flails
  6239 | D:13     | Noticed a cyclops
  6311 | D:12     | Noticed a hill giant
  6843 | D:7      | Bought a crude chain mail for 237 gold pieces
  6853 | D:7      | Identified the +2 chain mail of the Furies {Regen+ Str+4 Int+2} (You bought it in a shop on level 7 of the Dungeon)
  6853 | D:7      | n bad
  6853 | D:7      | Bought a pair of runed gloves for 112 gold pieces
  7018 | D:9      | Reached skill level 11 in Maces & Flails
  7117 | D:9      | Noticed a hill giant
  7130 | D:9      | Killed a hill giant
  7130 | D:9      | Reached skill level 1 in Armour
  7143 | D:8      | Noticed Grum
  7336 | Orc:1    | Entered Level 1 of the Orcish Mines
  7475 | Orc:1    | Found a roughly hewn altar of Beogh.
  7516 | Orc:2    | Noticed Fannar
  7533 | Orc:2    | Noticed Josephine
  7795 | Orc:2    | Reached XP level 11. HP: 73/94 MP: 16/16
  7874 | Orc:2    | ummm
  8165 | Orc:4    | Entered Level 4 of the Orcish Mines
  8232 | Orc:4    | not bad ending!
  8243 | Orc:4    | meet the creeper
  8310 | Orc:4    | HP: 1/94 [warg (7)]
  8972 | Orc:4    | Reached skill level 12 in Maces & Flails
  9311 | Orc:4    | Found Ohamoarch's Magic Scroll Shop.
  9311 | Orc:4    | Found Salatao's Gadget Emporium.
  9372 | Orc:4    | Found a roughly hewn altar of Beogh.
  9439 | Orc:4    | Reached skill level 5 in Armour
  9632 | Orc:4    | thx
  9852 | Orc:4    | Found Itueraibb's Weapon Shop.
  9852 | Orc:4    | Found Kungabe's Antique Weapon Emporium.
 10012 | Orc:4    | back
 10322 | Orc:4    | Bought the +5 great mace "Omon" {flame, rElec} for 912 gold pieces
 10331 | Orc:4    | OMON
 10809 | Orc:4    | Bought a scroll of identify for 34 gold pieces
 10809 | Orc:4    | Bought a scroll of identify for 34 gold pieces
 10809 | Orc:4    | Bought a scroll of identify for 34 gold pieces
 11006 | D:8      | Killed Erolcha
 11006 | D:8      | Reached XP level 12. HP: 101/104 MP: 17/17
 11064 | D:8      | Found a sacrificial altar of Ru.
 11102 | D:8      | Killed Grum
 11194 | D:8      | Found a staircase to the Lair.
 11206 | Lair:1   | Entered Level 1 of the Lair of Beasts
 11255 | Lair:1   | Got an ichor-stained ring mail
 11266 | Lair:1   | Identified the cursed +1 ring mail "Leshrelur" {rCorr MP+9 Str+3} (You found it on level 1 of the Lair of Beasts)
 11845 | Lair:3   | Reached skill level 13 in Maces & Flails
 11926 | Lair:3   | Found a hole to the Spider Nest.
 12393 | Lair:4   | Noticed a six-headed hydra
 12412 | Lair:4   | Killed a six-headed hydra
 12430 | Lair:4   | Found a snail-covered altar of Cheibriados.
 12468 | Lair:4   | You fall through a shaft for 2 floors!
 12711 | Lair:4   | Noticed a seven-headed hydra
 12734 | Lair:4   | Killed a seven-headed hydra
 12821 | Lair:4   | Found a staircase to the Swamp.
 13178 | Lair:6   | Found a staircase to the Slime Pits.
 13325 | Lair:6   | Reached XP level 13. HP: 88/111 MP: 19/19
 13536 | Lair:7   | Reached skill level 14 in Maces & Flails
 13648 | Lair:7   | Learned a level 1 spell: Apportation
 13651 | Lair:7   | Learned a level 2 spell: Blink
 13656 | Lair:7   | Learned a level 4 spell: Passage of Golubria
 13659 | Lair:7   | Learned a level 2 spell: Shroud of Golubria
 13964 | Lair:7   | Reached skill level 5 in Evocations
 14291 | Lair:7   | Reached skill level 1 in Translocations
 14393 | Lair:8   | Entered Level 8 of the Lair of Beasts
 14400 | Lair:8   | Reached skill level 1 in Spellcasting
 15132 | Lair:8   | Got a pair of encrusted boots
 15138 | Lair:8   | Identified the +0 pair of boots of Dishonesty {rElec MR- Regen+ MP+9} (You found it on level 8 of the Lair of Beasts)
 15154 | Lair:8   | Learned a level 2 spell: Repel Missiles
 15360 | Lair:8   | Reached XP level 14. HP: 106/118 MP: 22/22
 15496 | Lair:8   | Reached skill level 15 in Maces & Flails
 15584 | Lair:8   | Reached skill level 10 in Armour
 15652 | Lair:8   | Reached skill level 5 in Translocations
 15795 | Lair:6   | Found a shimmering altar of Xom.
 15848 | Lair:5   | meh
 16224 | Orc:2    | Killed Fannar
 16274 | Orc:4    | Found a staircase to the Elven Halls.
 16326 | Elf:1    | Entered Level 1 of the Elven Halls
 16530 | Elf:1    | Reached skill level 1 in Air Magic
 16554 | Elf:1    | Reached skill level 1 in Charms
 16577 | Elf:1    | FREE DRAIN!!!
 16672 | Elf:1    | Identified the Compendium of Attacks (You found it on level 1 of the Elven Halls)
 17030 | Elf:2    | Found a portal to a secret trove of treasure.
 17030 | Elf:2    | Noticed a deep elf sorcerer
 17050 | Elf:1    | Killed a deep elf sorcerer
 17174 | Elf:3    | Entered Level 3 of the Elven Halls
 17293 | Elf:3    | Identified the Tome of Necromancy (You found it on level 3 of the Elven Halls)
 17296 | Elf:3    | Learned a level 1 spell: Animate Skeleton
 17807 | Elf:3    | Reached skill level 16 in Maces & Flails
 17843 | Elf:3    | Cast into level 3 of the Abyss (a deep elf demonologist)
 17843 | Abyss:3  | Found a corrupted altar of Lugonu.
 18007 | Abyss:4  | wrong button
 18018 | Abyss:4  | Found a corrupted altar of Lugonu.
 18043 | Abyss:4  | Noticed a revenant
 18057 | Abyss:4  | Found a corrupted altar of Lugonu.
 18062 | Abyss:4  | Found a corrupted altar of Lugonu.
 18100 | Abyss:4  | Noticed a tentacled starspawn
 18111 | Abyss:4  | Found a corrupted altar of Lugonu.
 18152 | Abyss:4  | Noticed a profane servitor
 18257 | Abyss:5  | Entered Level 5 of the Abyss
 18268 | Abyss:5  | Found a corrupted altar of Lugonu.
 18295 | Abyss:5  | Noticed a tentacled starspawn
 18309 | Abyss:5  | Noticed a deep elf sorcerer
 18319 | Abyss:5  | The deep elf sorcerer points at you and mumbles some strange words. The Abyss bends around you! You are banished to a different region of the Abyss. _You are suddenly pulled into a different region of the Abyss!
 18348 | Abyss:5  | Noticed a tentacled starspawn
 18357 | Abyss:5  | Killed a tentacled starspawn
 18357 | Abyss:5  | Reached XP level 15. HP: 94/124 MP: 25/25
 18421 | Abyss:5  | Found a glowing golden altar of the Shining One.
 18455 | Abyss:5  | Got an abyssal rune of Zot
 18488 | Elf:3    | Escaped the Abyss
 18488 | Elf:3    | Noticed a deep elf blademaster
 18499 | Elf:3    | Killed a deep elf blademaster
 18516 | Elf:3    | Cast into level 2 of the Abyss (a deep elf sorcerer)
 18517 | Abyss:2  | back in time!
 18635 | Elf:3    | Escaped the Abyss
 18749 | Elf:3    | Reached skill level 17 in Maces & Flails
 18783 | Elf:3    | Cast into level 2 of the Abyss (a deep elf demonologist)
 18791 | Abyss:2  | dreams
 18899 | Elf:3    | Escaped the Abyss
 19027 | Elf:3    | damn
 19027 | Elf:3    | mages are casty today
 19041 | Elf:3    | Got a translucent granite ring
 19081 | Elf:3    | Cast into level 3 of the Abyss (a deep elf demonologist)
 19359 | Elf:3    | Escaped the Abyss
 19411 | Elf:3    | Cast into level 3 of the Abyss (a deep elf sorcerer)
 19435 | Abyss:3  | Found a shadowy altar of Dithmenos.
 19447 | Elf:3    | Escaped the Abyss
 19494 | Elf:3    | Noticed a deep elf blademaster
 19502 | Elf:3    | two quick blades
 19502 | Elf:3    | is it time to die???
 19515 | Elf:3    | Killed a deep elf blademaster
 19535 | Elf:3    | nope
 19645 | Elf:3    | Reached skill level 18 in Maces & Flails
 19682 | Elf:3    | Noticed a deep elf master archer
 19705 | Elf:3    | Killed a deep elf master archer
 19976 | Elf:3    | Cast into level 3 of the Abyss (a deep elf demonologist)
 20175 | Abyss:4  | Gained mutation: You are frail (-10% HP). [a neqoxec]
 20177 | Abyss:4  | Gained mutation: Armour fits poorly on your strangely shaped body. [a neqoxec]
 20179 | Abyss:4  | thx
 20185 | Abyss:5  | Entered Level 5 of the Abyss
 20219 | Abyss:5  | Noticed a tentacled starspawn
 20230 | Abyss:5  | Found a corrupted altar of Lugonu.
 20257 | Elf:3    | Escaped the Abyss
 20267 | Elf:3    | Identified a scroll of acquirement
 20268 | Elf:3    | Got a translucent cloak
 20274 | Elf:3    | Identified the +0 cloak "Poaxt" {rF- MR+ Dex+4} (You acquired it on level 3 of the Elven Halls)
 20276 | Elf:3    | Identified the ring of Couweono {*Corrode +Inv rPois rF+++ Str+3} (You took it off a deep elf fighter on level 3 of the Elven Halls)
 20277 | Elf:3    | hmmm
 20277 | Elf:3    | Gained mutation: You have large cloven feet. [potion of mutation]
 20277 | Elf:3    | Gained mutation: Your mind is acute. (Int +2) [potion of mutation]
 20277 | Elf:3    | Lost mutation: Armour fits poorly on your strangely shaped body. [potion of mutation]
 20302 | Elf:3    | Noticed a deep elf master archer
 20339 | Elf:3    | Killed a deep elf master archer
 20362 | Elf:3    | Got a warped scale mail
 20479 | Elf:3    | Got a steaming copper amulet
 20495 | Elf:3    | Lost mutation: You are frail (-10% HP). [helix card]
 20521 | Elf:3    | Learned a level 3 spell: Regeneration
 20554 | Elf:3    | Identified the amulet "Hirampoex" {Dismiss rElec Int+4} (You took it off a deep elf knight on level 3 of the Elven Halls)
 20573 | Elf:3    | Identified the +4 scale mail "Gatz" {*Drain rElec Str+7} (You took it off a deep elf master archer on level 3 of the Elven Halls)
 20599 | Elf:3    | Got an ancient chain mail
 20610 | Elf:3    | Identified the +0 chain mail of Eqytweon {+Inv} (You found it on level 3 of the Elven Halls)
 20735 | Elf:3    | hmmmmm
 20849 | Elf:3    | Reached skill level 1 in Necromancy
 21142 | Elf:2    | Found a runed gate.
 21142 | Elf:2    | Found a runed gate.
 21142 | Elf:2    | Found a runed gate.
 21249 | Elf:2    | Reached XP level 16. HP: 96/132 MP: 27/27
 21426 | Elf:1    | very sick with rpois????
 21491 | Orc:4    | Bought a scroll of acquirement for 884 gold pieces
 21491 | Orc:4    | Bought a scroll of fog for 34 gold pieces
 21741 | Spider:1 | Entered Level 1 of the Spider Nest
 21866 | Spider:1 | Reached skill level 1 in Shields
 22007 | Spider:2 | Reached skill level 5 in Spellcasting
 22114 | Spider:2 | Learned a level 2 spell: Swiftness
 22137 | Spider:2 | Noticed Arachne
 22147 | Spider:2 | Reached skill level 5 in Charms
 22151 | Spider:2 | Killed Arachne
 22183 | Spider:2 | this is dangerous
 22187 | Spider:2 | for spiders to lurk around
 22602 | Spider:4 | Entered Level 4 of the Spider Nest
 22797 | Spider:4 | Reached skill level 19 in Maces & Flails
 22859 | Spider:4 | Reached skill level 5 in Necromancy
 22940 | Spider:4 | Got a gossamer rune of Zot
 23179 | Swamp:1  | Entered Level 1 of the Swamp
 23331 | Swamp:4  | Entered Level 4 of the Swamp
 23365 | Swamp:4  | Reached skill level 5 in Shields
 23436 | Swamp:4  | riders???
 23438 | Swamp:4  | no thx
 23610 | Swamp:4  | its 4 already? didnt notice...
 23614 | Swamp:4  | Noticed the 27-headed Lernaean hydra
 23754 | Swamp:4  | Reached XP level 17. HP: 105/137 MP: 30/30
 23828 | Swamp:4  | Got a decaying rune of Zot
 24445 | Slime:1  | Entered Level 1 of the Pits of Slime
 24992 | Slime:6  | Entered Level 6 of the Pits of Slime
 25200 | Slime:6  | new tactics
 25200 | Slime:6  | incoming!
 25218 | Slime:6  | Found a viscous altar of Jiyva.
 25224 | Slime:6  | Noticed the Royal Jelly
 25334 | Slime:6  | Gained mutation: You are weak. (Str -2) [a shining eye]
 25335 | Slime:6  | Gained mutation: You are frail (-10% HP). [a shining eye]
 25336 | Slime:6  | uhh
 25423 | Slime:6  | rock it
 25436 | Slime:6  | Killed the Royal Jelly
 25549 | Slime:6  | Gained mutation: Potions and wands are less effective at restoring your health. [a shining eye]
 25579 | Slime:6  | Identified the Almanac of Shape Shifting (You found it on level 6 of the Pits of Slime)
 25617 | Slime:6  | Identified the Papyrus of Congealing Hexes (You found it on level 6 of the Pits of Slime)
 25621 | Slime:6  | Got a slimy rune of Zot
 25666 | Slime:6  | Lost mutation: Your mind is acute. (Int +2) [potion of cure mutation]
 25666 | Slime:6  | Lost mutation: You are frail (-10% HP). [potion of cure mutation]
 25666 | Slime:6  | Lost mutation: You are weak. (Str -2) [potion of cure mutation]
 25666 | Slime:6  | Lost mutation: Potions and wands are less effective at restoring your health. [potion of cure mutation]
 25666 | Slime:6  | Lost mutation: You have large cloven feet. [potion of cure mutation]
 25674 | Slime:6  | Learned a level 5 spell: Silence
 25675 | Slime:6  | Got a transparent silver amulet
 25676 | Slime:6  | Identified the amulet "Hiohuh" {Clar Stlth+} (You found it on level 6 of the Pits of Slime)
 25694 | Slime:6  | not bad
 25697 | Slime:6  | just wondering
 25701 | Slime:6  | Got a pitted demon blade
 25702 | Slime:6  | Identified the cursed +1 demon blade of the Chickpea {drain, +Rage rPois Int-2 Dex+4} (You found it on level 6 of the Pits of Slime)
 25705 | Slime:6  | chickpee?
 25759 | Slime:6  | Reached XP level 18. HP: 128/145 MP: 34/34
 25857 | Slime:6  | ouch!
 26126 | D:9      | :/
 26126 | D:9      | have to go hard way
 26321 | D:13     | Found a gate to the Vaults.
 26366 | Vaults:1 | Entered Level 1 of the Vaults
 26605 | Vaults:2 | Got a warped large shield
 26606 | Vaults:2 | Identified the +4 large shield "Urosmi" {rF+ rN+ rCorr} (You found it on level 2 of the Vaults)
 26704 | Vaults:2 | Reached skill level 10 in Shields
 26945 | Vaults:2 | uhh
 27485 | Vaults:3 | Found Sixesk's Food Shoppe.
 27745 | Vaults:3 | Found Xomugy's General Store.
 27756 | Vaults:3 | Bought a potion of might for 80 gold pieces
 27756 | Vaults:3 | Bought a scroll of teleportation for 60 gold pieces
 27756 | Vaults:3 | Bought a wand of teleportation (6) for 600 gold pieces
 28857 | Vaults:4 | my precious
 28858 | Vaults:4 | Got a fine golden ring
 28860 | Vaults:4 | Identified the ring "Sydam" {Ice *Corrode rPois Dex+2} (You found it on level 4 of the Vaults)
 28876 | Vaults:4 | ez
 28877 | Vaults:5 | Entered Level 5 of the Vaults
 28971 | Vaults:4 | Reached XP level 19. HP: 124/151 MP: 36/36
 29169 | Vaults:5 | got ya
 29171 | Vaults:5 | got ya
 29171 | Vaults:5 | gotye
 29178 | Vaults:5 | Got a twisted shield
 29189 | Vaults:5 | Identified the +5 shield "Uhanej" {rF++} (You found it on level 5 of the Vaults)
 29189 | Vaults:5 | umm
 29199 | Vaults:5 | i think i cant complain about shields...
 29284 | Vaults:5 | not good
 29284 | Vaults:5 | for you...
 29411 | Vaults:5 | rotfl
 29411 | Vaults:5 | he deep elf annihilator points at you and mumbles some strange words. The poison arrow is repelled. The poison arrow hits the titan.
 29411 | Vaults:5 | The deep elf annihilator points at you and mumbles some strange words. The poison arrow is repelled. You feel less protected from missiles. _The poison arrow hits the titan.
 29411 | Vaults:5 | rotfl
 29659 | Vaults:5 | Noticed a golden dragon
 29669 | Vaults:5 | Paralysed by a sphinx for 4 turns
 29791 | Vaults:5 | Reached skill level 15 in Shields
 29940 | Vaults:5 | Reached skill level 1 in Hexes
 30117 | Vaults:5 | Got a silver rune of Zot
 30133 | Vaults:5 | Learned a level 8 spell: Death's Door
 30448 | Vaults:5 | Identified the Grimoire of Dislocation and the Frostbite (You found it on level 5 of the Vaults)
 30455 | Vaults:5 | Learned a level 5 spell: Phase Shift
 30511 | Vaults:5 | Reached skill level 5 in Air Magic
 30620 | Vaults:5 | Reached skill level 10 in Fighting
 30744 | Vaults:5 | Killed a golden dragon
 30807 | Vaults:5 | Reached skill level 5 in Hexes
 30828 | Vaults:5 | Reached XP level 20. HP: 121/162 MP: 37/37
 31163 | Vaults:5 | Got a smoking amber ring
 31173 | Vaults:5 | Identified the ring "Bywkeleme" {rF+ rC+} (You took it off a salamander stormcaller on level 5 of the Vaults)
 31174 | Vaults:5 | bad jewelry incoming
 31402 | Vaults:5 | Identified Enokiono's Handbook of Creation (You found it on level 5 of the Vaults)
 31480 | Vaults:5 | substitute for bad armour!
 31974 | Vaults:3 | Found Ryeneyja's Assorted Antiques.
 31982 | Vaults:3 | Bought a scroll of holy word for 247 gold pieces
 31982 | Vaults:3 | Bought a scroll of remove curse for 99 gold pieces
 32280 | Vaults:3 | Found a staircase to the Crypt.
 32305 | Crypt:1  | Entered Level 1 of the Crypt
 32546 | Crypt:2  | Paralysed by a vampire knight for 2 turns
 32575 | Crypt:3  | Entered Level 3 of the Crypt
 32714 | Crypt:2  | Reached skill level 10 in Spellcasting
 33071 | Crypt:3  | Noticed Saint Roka
 33118 | Crypt:3  | Killed Saint Roka
 33190 | Crypt:3  | Learned a level 6 spell: Statue Form
 33193 | Crypt:3  | Learned a level 2 spell: Stoneskin
 33237 | Crypt:3  | Reached skill level 1 in Transmutations
 33237 | Crypt:3  | Reached skill level 1 in Earth Magic
 33274 | Crypt:3  | Found an ancient bone altar of Kikubaaqudgha.
 33333 | Crypt:3  | Noticed Margery
 33350 | Crypt:3  | Killed Margery
 33355 | Crypt:3  | Noticed Wiglaf
 33385 | Crypt:3  | Killed Wiglaf
 33465 | Crypt:3  | Reached XP level 21. HP: 171/171 MP: 41/41
 33613 | Crypt:3  | Noticed an ancient lich
 33832 | Crypt:3  | Reached skill level 5 in Earth Magic
 33884 | Crypt:3  | Killed an ancient lich
 33884 | Crypt:3  | Reached skill level 5 in Transmutations
 33900 | Crypt:3  | Noticed Jory
 34344 | Crypt:3  | Found a staircase to the Tomb.
 34371 | Crypt:3  | Killed Jory
 34387 | Crypt:3  | Got a scorched jade ring
 34388 | Crypt:3  | Identified the ring of Cumuf {rPois rN+} (You found it on level 3 of the Crypt)
 34390 | Crypt:3  | Got a scorched wooden ring
 34392 | Crypt:3  | Identified the ring "Fuunux" {rN+ Slay+2} (You found it on level 3 of the Crypt)
 34394 | Crypt:3  | Got a slimy pewter ring
 34396 | Crypt:3  | Identified the ring "Ahucon" {rN+ Dex+3} (You found it on level 3 of the Crypt)
 34405 | Tomb:1   | Entered Level 1 of the Tomb of the Ancients
 34483 | Tomb:1   | Paralysed by a sphinx for 4 turns
 34500 | Tomb:1   | Paralysed by a sphinx for 2 turns
 34663 | Tomb:1   | Noticed an ancient lich
 34686 | Tomb:1   | :D
 34686 | Tomb:1   | 4 acqs wasted
 34686 | Tomb:1   | whatever
 34686 | Tomb:1   | Upgraded the game from 0.18-a0-705-g580043c to 0.18-a0-721-g8fc53f4
 34732 | Tomb:1   | Killed an ancient lich
 34820 | Tomb:1   | Noticed an ancient lich
 34843 | Tomb:1   | Cast into level 5 of the Abyss (an ancient lich)
 34843 | Abyss:5  | Entered Level 5 of the Abyss
 34976 | Abyss:5  | Found a corrupted altar of Lugonu.
 35356 | Abyss:5  | Found a corrupted altar of Lugonu.
 35458 | Abyss:5  | Gained mutation: Your body sometimes deteriorates upon taking damage. [a neqoxec]
 35506 | Tomb:1   | Escaped the Abyss
 35540 | Tomb:1   | Killed an ancient lich
 35772 | Tomb:3   | Entered Level 3 of the Tomb of the Ancients
 35933 | Tomb:3   | Noticed a greater mummy
 36146 | Tomb:3   | Noticed an ancient lich
 36148 | Tomb:3   | Noticed a greater mummy
 36268 | Tomb:2   | Killed an ancient lich
 36285 | Tomb:2   | Killed a greater mummy
 36285 | Tomb:2   | Reached XP level 22. HP: 128/175 MP: 32/42
 36291 | Tomb:2   | Killed a greater mummy
 36291 | Tomb:2   | Reached skill level 10 in Earth Magic
 36327 | Tomb:3   | Noticed a greater mummy
 36331 | Tomb:3   | Reached skill level 10 in Transmutations
 36433 | Tomb:3   | Noticed a greater mummy
 36526 | Tomb:2   | Killed a greater mummy
 36541 | Tomb:2   | Killed a greater mummy
 36634 | Tomb:3   | Got a fine robe
 36645 | Tomb:3   | Identified the Volume of Ensnaring Attacks (You found it on level 3 of the Tomb of the Ancients)
 36664 | Tomb:3   | Noticed a greater mummy
 36681 | Tomb:3   | Noticed a greater mummy
 36701 | Tomb:3   | Killed a greater mummy
 36760 | Tomb:3   | Got a pair of spiked gloves
 36761 | Tomb:3   | Identified the +2 pair of gloves "Kowus" {Str+3} (You found it on level 3 of the Tomb of the Ancients)
 36778 | Tomb:3   | Got a faintly glowing pewter amulet
 36779 | Tomb:3   | Identified the amulet of Nonwatuh {Inacc MR+} (You found it on level 3 of the Tomb of the Ancients)
 36781 | Tomb:3   | Got a bloodstained morningstar
 36782 | Tomb:3   | Identified the cursed +0 morningstar of Extremism {freeze, Str+3} (You found it on level 3 of the Tomb of the Ancients)
 36788 | Tomb:3   | Identified the cursed +0 robe of Noon {rElec rCorr Str+4 Int+3 Stlth-} (You found it on level 3 of the Tomb of the Ancients)
 36829 | Tomb:3   | Noticed a greater mummy
 36842 | Tomb:3   | FUCKER
 36902 | Tomb:3   | Noticed an ancient lich
 36912 | Tomb:3   | Killed an ancient lich
 37006 | Tomb:3   | Killed a greater mummy
 37027 | Tomb:3   | Got a golden rune of Zot
 37041 | Tomb:3   | Gained mutation: Scrolls take you a little longer to read. [the power of Zot]
 37041 | Tomb:3   | Gained mutation: Armour fits poorly on your strangely shaped body. [the power of Zot]
 37049 | Tomb:3   | Killed a greater mummy
 37140 | Tomb:1   | Noticed a greater mummy
 37140 | Tomb:1   | Noticed a greater mummy
 37195 | Tomb:2   | Noticed a greater mummy
 37304 | Zig:1    | Entered Level 1 of a ziggurat
 37326 | Zig:2    | Entered Level 2 of a ziggurat
 37377 | Zig:3    | Entered Level 3 of a ziggurat
 37383 | Zig:3    | Gained mutation: Your spells are a little easier to cast, but a little less powerful. [a shining eye]
 37396 | Zig:4    | Entered Level 4 of a ziggurat
 37435 | Zig:5    | Entered Level 5 of a ziggurat
 37448 | Zig:5    | Reached skill level 15 in Spellcasting
 37461 | Zig:5    | Lost mutation: Scrolls take you a little longer to read. [potion of cure mutation]
 37462 | Zig:5    | WTF
 37473 | Zig:5    | Identified the Disquisition on Hexes (You found it on level 5 of a ziggurat)
 37475 | Zig:5    | Got a brightly glowing brass ring
 37476 | Zig:5    | Identified the ring "Jost" {*Corrode +Fly rC+ rN++ MP+9} (You found it on level 5 of a ziggurat)
 37477 | Zig:5    | nice ring
 37483 | Zig:6    | Entered Level 6 of a ziggurat
 37527 | Zig:7    | Entered Level 7 of a ziggurat
 37573 | Zig:7    | Identified the Collected Works on Lethal Execration (You found it on level 7 of a ziggurat)
 37594 | Zig:8    | Entered Level 8 of a ziggurat
 37620 | Zig:8    | HP: 10/227 [golden dragon/bolt of cold (53)]
 37639 | Zig:8    | Reached XP level 23. HP: 70/185 MP: 46/50
 37646 | Zig:8    | Got a pair of faintly glowing boots
 37658 | Zig:8    | Identified the cursed -3 pair of boots of Huqaetuo {*Corrode rN+ Regen+ Str+3 Dex+3} (You found it on level 8 of a ziggurat)
 37706 | Zig:9    | Entered Level 9 of a ziggurat
 37753 | Zig:9    | Noticed Xueranul the pandemonium lord
 37762 | Zig:9    | Killed Xueranul the pandemonium lord
 38195 | Vaults:2 | Reached XP level 24. HP: 170/195 MP: 50/50
 38310 | D:13     | ohh
 38321 | D:13     | Got a heavily runed large shield
 38324 | D:13     | Identified the +6 large shield of Ymularph {rElec rPois Slay-2} (You acquired it on level 13 of the Dungeon)
 38361 | D:14     | Killed Kirke
 38408 | D:15     | Found a staircase to the Depths.
 38487 | Depths:1 | Entered Level 1 of the Depths
 38526 | Depths:1 | Found a shattered altar of Ashenzari.
 38761 | Depths:2 | Noticed Aizul
 38781 | Depths:2 | Killed Aizul
 39515 | Depths:3 | Reached skill level 15 in Fighting
 39606 | Depths:3 | Noticed a juggernaut
 39628 | Depths:3 | Killed a juggernaut
 39645 | Depths:3 | Found a gateway to a ziggurat.
 39676 | Zig:1    | Entered Level 1 of a ziggurat
 39692 | Zig:2    | Entered Level 2 of a ziggurat
 39724 | Zig:3    | Entered Level 3 of a ziggurat
 39778 | Zig:4    | Entered Level 4 of a ziggurat
 39799 | Zig:4    | Noticed an ancient lich
 39815 | Zig:4    | Killed an ancient lich
 39833 | Zig:5    | Entered Level 5 of a ziggurat
 39907 | Zig:5    | Reached skill level 10 in Dodging
 39907 | Zig:5    | Reached XP level 25. HP: 216/216 MP: 50/50
 39910 | Zig:6    | Entered Level 6 of a ziggurat
 39914 | Zig:6    | Noticed a juggernaut
 39949 | Zig:6    | Killed a juggernaut
 39980 | Zig:7    | Entered Level 7 of a ziggurat
 40090 | Zig:8    | Entered Level 8 of a ziggurat
 40232 | Zig:8    | Reached XP level 26. HP: 217/226 MP: 50/50
 40239 | Zig:9    | Entered Level 9 of a ziggurat
 40285 | Zig:9    | Reached skill level 10 in Charms
 40378 | Zig:9    | Lost mutation: Armour fits poorly on your strangely shaped body. [potion of cure mutation]
 40378 | Zig:9    | Lost mutation: Your body sometimes deteriorates upon taking damage. [potion of cure mutation]
 40378 | Zig:9    | Lost mutation: Your spells are a little easier to cast, but a little less powerful. [potion of cure mutation]
 40381 | Zig:9    | Gained mutation: You are partially covered in icy blue scales (AC +1). [potion of beneficial mutation]
 40382 | Zig:9    | Identified A Thorough Guide to the Arcane Arts (You found it on level 9 of a ziggurat)
 40393 | Zig:9    | Learned a level 9 spell: Dragon's Call
 40396 | Zig:9    | Got a twitching ivory ring
 40397 | Zig:9    | Identified the ring of Ysyxkuut {SustAt rElec rF++} (You found it on level 9 of a ziggurat)
 40398 | Zig:9    | nice!
 40479 | Depths:4 | Reached XP level 27. HP: 233/233 MP: 44/50
 40569 | Depths:3 | Found a gateway to Hell.
 40749 | Depths:3 | Found a one-way gate leading to the halls of Pandemonium.
 40776 | Pan      | Entered Pandemonium
 40884 | Pan      | Gained mutation: Your muscles are strong. (Str +2) [a neqoxec]
 40894 | Pan      | Noticed Vonaut the pandemonium lord
 40969 | Pan      | Killed Vonaut the pandemonium lord
 40995 | Pan      | Noticed Uxodelipp the pandemonium lord
 40998 | Pan      | Got a demonic rune of Zot
 41095 | Pan      | Killed Uxodelipp the pandemonium lord
 41230 | Pan      | Found an exit through the horrors of the Abyss.
 41270 | Pan      | Reached skill level 10 in Necromancy
 41500 | Pan      | Noticed Qeare the pandemonium lord
 41513 | Pan      | Killed Qeare the pandemonium lord
 41526 | Pan      | Gained mutation: Your body sometimes deteriorates upon taking damage. [a neqoxec]
 41527 | Pan      | Gained mutation: You tend to lose your temper in combat. [a neqoxec]
 41530 | Pan      | Gained mutation: You are frail (-10% HP). [a neqoxec]
 41624 | Pan      | Gained mutation: Armour fits poorly on your strangely shaped body. [a cacodemon]
 41637 | Pan      | Entered the realm of Gloorx Vloq.
 41637 | Pan      | Found an exit through the horrors of the Abyss.
 41865 | Pan      | Noticed Gloorx Vloq
 41888 | Pan      | Killed Gloorx Vloq
 41909 | Pan      | Got a dark rune of Zot
 42087 | Pan      | Found an exit through the horrors of the Abyss.
 42149 | Pan      | Noticed Qaimomo the pandemonium lord
 42160 | Pan      | Killed Qaimomo the pandemonium lord
 42228 | Pan      | Entered the realm of Cerebov.
 42321 | Pan      | Noticed Cerebov
 42430 | Pan      | Killed Cerebov
 42557 | Pan      | Got a fiery rune of Zot
 42685 | Pan      | Noticed Uhozubus the pandemonium lord
 42718 | Pan      | Noticed Waetwa the pandemonium lord
 42858 | Pan      | Lost mutation: Your body sometimes deteriorates upon taking damage. [potion of cure mutation]
 42858 | Pan      | Lost mutation: You are frail (-10% HP). [potion of cure mutation]
 42858 | Pan      | Lost mutation: You are partially covered in icy blue scales (AC +1). [potion of cure mutation]
 42858 | Pan      | Lost mutation: You tend to lose your temper in combat. [potion of cure mutation]
 42858 | Pan      | Lost mutation: Your muscles are strong. (Str +2) [potion of cure mutation]
 42858 | Pan      | Lost mutation: Armour fits poorly on your strangely shaped body. [potion of cure mutation]
 42861 | Depths:3 | Escaped Pandemonium
 42866 | Pan      | Entered Pandemonium
 42875 | Pan      | Found an exit through the horrors of the Abyss.
 42920 | Pan      | Got a translucent cloak
 42921 | Pan      | Identified the +0 cloak of the Peculiar Stars {rPois rN+} (You acquired it in Pandemonium)
 43133 | Pan      | Found an exit through the horrors of the Abyss.
 43319 | Pan      | Found an exit through the horrors of the Abyss.
 43386 | Depths:3 | Escaped Pandemonium
 43389 | Pan      | Entered Pandemonium
 43848 | Pan      | Entered the realm of Lom Lobon.
 43871 | Pan      | Paralysed by a Zot trap for 2 turns
 43873 | Pan      | :)
 44046 | Pan      | Noticed Lom Lobon
 44077 | Pan      | Killed Lom Lobon
 44107 | Pan      | Got a magical rune of Zot
 44166 | Depths:3 | Escaped Pandemonium
 44168 | Pan      | Entered Pandemonium
 44242 | Pan      | Found an exit through the horrors of the Abyss.
 44293 | Pan      | Entered the realm of Mnoleg.
 44293 | Pan      | Noticed Mnoleg
 44294 | Pan      | Gained mutation: You are frail (-10% HP). [a neqoxec]
 44295 | Pan      | Gained mutation: Armour fits poorly on your strangely shaped body. [a cacodemon]
 44296 | Pan      | Got a glowing rune of Zot
 44382 | Pan      | Noticed Rilus the pandemonium lord
 44385 | Pan      | Killed Rilus the pandemonium lord
 44391 | Pan      | Gained mutation: You expend magic power (3 MP) to strengthen your wands. [a cacodemon]
 44421 | Depths:3 | Escaped Pandemonium
 44484 | Hell     | Entered the Vestibule of Hell
 44484 | Hell     | Noticed Geryon
 44491 | Hell     | Noticed Murray
 44547 | Depths:3 | Killed Murray
 44669 | Depths:3 | Gained mutation: You are covered in fur (AC +1). [a cacodemon]
 44670 | Depths:3 | Reached skill level 15 in Dodging
 44750 | Depths:3 | its crowdy down there
 44776 | Hell     | Killed Geryon
 44969 | Hell     | Found a gateway to the decaying netherworld of Tartarus.
 44983 | Tar:1    | Entered Level 1 of Tartarus
 44983 | Tar:1    | Found a gateway to Hell.
 45011 | Tar:2    | Found a gateway to Hell.
 45011 | Tar:2    | Found a gateway to Hell.
 45020 | Tar:3    | Found a gateway to Hell.
 45020 | Tar:3    | Found a gateway to Hell.
 45070 | Tar:3    | Found a gateway to Hell.
 45080 | Tar:4    | Found a gateway to Hell.
 45089 | Tar:4    | Found a gateway to Hell.
 45124 | Tar:5    | Found a gateway to Hell.
 45130 | Tar:6    | Found a gateway to Hell.
 45139 | Tar:6    | Found a gateway to Hell.
 45146 | Tar:6    | Found a gateway to Hell.
 45204 | Tar:7    | Entered Level 7 of Tartarus
 45204 | Tar:7    | Found a gateway to Hell.
 45217 | Tar:7    | Noticed an ancient lich
 45217 | Tar:7    | Got a smoking cloak
 45218 | Tar:7    | Noticed an ancient lich
 45228 | Tar:7    | Noticed Ereshkigal
 45240 | Tar:7    | Identified the +0 cloak of Ucziuhus {rC+ Regen+ Stlth+} (You found it on level 7 of Tartarus)
 45358 | Tar:7    | Got a bone rune of Zot
 45364 | Tar:7    | Found a gateway to Hell.
 45397 | Hell     | Found a gateway to the Iron City of Dis.
 45428 | Hell     | HP: 18/406 [doom hound (20)]
 45507 | Dis:1    | Entered Level 1 of the Iron City of Dis
 45507 | Dis:1    | Found a gateway to Hell.
 45530 | Dis:2    | Found a gateway to Hell.
 45539 | Dis:3    | Found a gateway to Hell.
 45581 | Dis:4    | Found a gateway to Hell.
 45705 | Dis:4    | Found a gateway to Hell.
 45738 | Dis:4    | Found a gateway to Hell.
 45742 | Dis:5    | Found a gateway to Hell.
 45795 | Dis:6    | Found a gateway to Hell.
 45802 | Dis:6    | Found a gateway to Hell.
 45858 | Dis:7    | Entered Level 7 of the Iron City of Dis
 46044 | Dis:7    | Noticed Dispater
 46046 | Dis:7    | Got an iron rune of Zot
 46051 | Dis:7    | Killed from afar by a Hell Sentinel

Vault maps used:
D:1:      evilmike_arrival_run_for_it
D:2:      first_bread, minmay_misc_feat_roman, uniq_crazy_yiuf_cottage,
          uniq_jessica
D:3:      nicolae_overflow_crystal_walls
D:4:      minmay_door_square, grunt_gozag_statues
D:5:      uniq_menkaure, uniq_blork_the_orc
D:6:      temple_hall, uniq_grinder
D:7:      serial_shops, nicolae_shop_crystal, nicolae_shop_behind_doors, shop,
          grunt_livestock
D:8:      kennysheep_mini_moat, grunt_lair_entry_elf_guard_hut, uniq_grum,
          uniq_erolcha
D:10:     serial_ice, serial_ice_a, serial_ice_b, serial_ice_e, serial_ice_h
D:11:     orc_0_dummy
D:12:     evilmike_iron_armoury, uniq_sonja
D:13:     david_vaults_2
D:14:     lemuel_tele_altar, portal_ice_cave_demonic_guard, uniq_kirke
D:15:     gammafunk_depths_entry_grave, minmay_misc_feat_diagonals
Lair:1:   lemuel_ratsnest, patterned_corridor
Lair:2:   lemuel_fruit_tree, grunt_megastairs_4
Lair:3:   nicolae_spider_entry_orb_guardian
Lair:4:   minmay_swamp_entry_reptiles, basic_altar, minivault_24
Lair:5:   infiniplex_staircase_pool_2
Lair:6:   minmay_slime_entry_pillars, kb_xom_exploding_sheep,
          serial_bayou_shore_a, serial_bayou_shore_b
Lair:7:   statuecave_lemuel
Lair:8:   grunt_lair_end_beastmaster, grunt_megastairs_2,
          infiniplex_staircase_pool
Swamp:1:  evilmike_swamp_ruin_house_1, uniq_roxanne
Swamp:2:  evilmike_swamp_ruin_wall
Swamp:3:  nicolae_swamp_stair_fork
Swamp:4:  swamp_old_school
Spider:2: uniq_arachne
Spider:3: spider_trap
Spider:4: grunt_spider_rune_parallel, uniq_mara
Slime:1:  nicolae_slime_phagocytosis
Slime:2:  basic_altar
Slime:3:  nicolae_slime_barrier
Slime:4:  cheibrodos_slime_lost_civilization_4
Orc:1:    basic_altar
Orc:2:    serial_shops, nicolae_shop_competitors_out_of_business,
          uniq_josephine, uniq_fannar
Orc:3:    nicolae_orc_pool_cavern, nicolae_orc_crystal_geode
Orc:4:    st_orc_town, statue_in_the_mist_lemuel
Elf:1:    minmay_elf_annihilation
Elf:2:    nicolae_trove_entry_free_sample, uniq_donald
Elf:3:    elf_hall, minmay_elf_necromancy
Vaults:1: nicolae_vaults_little_squares_1, hangedman_vaults_hat,
          nicolae_vaults_border_crossing, hangedman_vaults_corner,
          vaults_dpeg_ring, v_pattern_2, ontoclasm_vaults_idyll,
          nicolae_vaults_theta
Vaults:2: ontoclasm_vaults_hangar, v_rooms_2, v_alt_pattern_5,
          vaults_dpeg_hooks, v_pattern_3, nicolae_vaults_know_your_exits,
          grunt_vaults_funnel, vaults_mumra_hex
Vaults:3: minmay_crypt_entry_simple_plaza, hangedman_vaults_unwind,
          v_alt_pattern_6, v_alt_pattern_2, vaults_mumra_hexcomb,
          nicolae_vaults_sealed_display, vaults_dpeg_diagonal, vaults_room_pool,
          serial_shops, nicolae_shop_waterfront, shop,
          nicolae_shop_temple_entry_statues_fountains
Vaults:4: nicolae_vaults_circle_grid_b, nicolae_vaults_twisting_passages,
          nicolae_vaults_alarming, v_misc_33, st_hourglassy, v_misc_10,
          v_misc_25, nicolae_vaults_ring_of_whatevers, v_alt_pattern_6,
          vaults_room_door_ring, vaults_room_fours, ontoclasm_vaults_hangar,
          v_misc_17
Vaults:5: serial_shops
Crypt:3:  grunt_crypt_end_deaths_head, uniq_wiglaf, uniq_margery,
          uniq_saint_roka
Tomb:3:   uniq_mennas
Depths:1: ashenzari_altar_1, grunt_hell_horde, serial_bayou_pond_c,
          grunt_ministairs_5, tso_metal_star, uniq_norris
Depths:2: box_level_dp, hell_entry, abyss_entry, uniq_aizul, uniq_sojobo
Depths:3: nooodl_heptagram, enter_ziggurat_c, hangedman_decor_points,
          hangedman_tar_grid_catacomb, rand_demon_pan_entry_8
Depths:4: minmay_open_boxes_in_corner, abyss_entry, hangedman_geh_valley,
          kennysheep_cross_room, uniq_jorgrun
Dis:3:    hangedman_dis_chains, hangedman_dis_decor_blocks_crown
Dis:5:    grunt_megastairs_3
Dis:7:    dis_hangedman
Tar:3:    door_vault
Tar:7:    tar_grunt_cathedral
Abyss:2:  evilmike_abyss_exit_plants
Abyss:3:  due_exit_kobolds, guppyfry_abyss_exit_imp_island,
          evilmike_abyss_exit_13
Abyss:4:  due_abyss_rune, bh_abyss_exit_choice, guppyfry_abyss_exit_imp_island,
          minivault_4, due_exit_kobolds, evilmike_abyss_exit_11,
          hangedman_decor_lopped
Abyss:5:  evilmike_abyss_exit_plants, grunt_abyss_rune_wretched_hive,
          evilmike_abyss_exit_smiterflies, hangedman_abyss_or_decor_stabs,
          evilmike_abyss_exit_chaos, evilmike_abyss_exit_mutagenic,
          bh_silent_lugonu_exit, evilmike_abyss_exit_6
Pan:      nicolae_pan_glass_arcs, pan_blood_fountain,
          evilmike_mini_pan_pillars_b, grunt_pan_in_and_out, rand_demon_6,
          pan_blood_fountain, evilmike_mini_pan_doors,
          evilmike_mini_pan_pillars_b, pan_blood_fountain_small,
          gloorx_vloq_grunt, nicolae_pan_gloorx_vloqian_2, lemuel_hall_of_pain,
          nicolae_pan_cerebovesque_2, evilmike_mini_pan_possible_glass,
          evilmike_mini_pan_doors_b, nicolae_pan_cerebovesque_2,
          grunt_pan_in_and_out, grunt_pan_zigzag, pan_blood_fountain,
          evilmike_cerebov_lava, pan_captured_pigsty, nicolae_pan_lom_lobonic_1,
          grunt_pan_frozen_over, evilmike_mini_pan_corner,
          reaverb_pan_chaos_star, nicolae_pan_glass_arcs, nicolae_pan_hourglass,
          pan_blood_fountain_small, nicolae_pan_hourglass,
          nicolae_pan_mnolegish_1, nicolae_pan_hourglass,
          nicolae_pan_cerebovesque_2, rand_demon_5, rand_demon_5, rand_demon_2,
          pan_blood_fountain_small, rand_demon_8, lom_lobon_st,
          evilmike_mini_pan_possible_glass, pan_blood_fountain_2,
          evilmike_mini_pan_layers, evilmike_holy_pan, rand_demon_4,
          pan_blood_fountain, mnoleg, rand_demon_1, pan_blood_fountain_small
Zig:9:    ziggurat_pillar_centre_c
IceCv:    ice_cave_tombish

Action                   |  1- 3 |  4- 6 |  7- 9 | 10-12 | 13-15 | 16-18 | 19-21 | 22-24 | 25-27 || total
-------------------------+-------+-------+-------+-------+-------+-------+-------+-------+-------++-------
Melee: Short sword       |    52 |       |       |       |       |       |       |       |       ||    52
       Spear             |    23 |    26 |       |       |       |       |       |       |       ||    49
       Scimitar          |       |    73 |   197 |       |       |       |       |       |       ||   270
       Whip              |       |       |   278 |   348 |       |       |       |       |       ||   626
       Flail             |       |       |       |   617 |       |       |       |       |       ||   617
       Great mace        |       |       |       |   468 |  1190 |    12 |       |       |       ||  1670
       Sacred scourge    |       |       |       |       |    40 |  2187 |  3078 |  1064 |  1940 ||  8309
       Broad axe         |       |       |       |       |       |   373 |       |   115 |       ||   488
       Unarmed           |       |       |       |       |       |       |       |    14 |       ||    14
 Fire: Blowgun           |       |       |     7 |    58 |     5 |       |       |       |       ||    70
Throw: Javelin           |       |       |     8 |     2 |       |       |       |       |       ||    10
       Tomahawk          |       |       |     2 |       |       |       |       |       |       ||     2
 Cast: Apportation       |       |       |       |       |    43 |    59 |    59 |    35 |    60 ||   256
       Repel Missiles    |       |       |       |       |     2 |     1 |     5 |       |     4 ||    12
       Blink             |       |       |       |       |     2 |     1 |     1 |     1 |       ||     5
       Shroud of Golubri |       |       |       |       |     1 |     1 |       |       |       ||     2
       Regeneration      |       |       |       |       |       |    58 |   176 |   119 |   173 ||   526
       Animate Skeleton  |       |       |       |       |       |     5 |    42 |    17 |     9 ||    73
       Passage of Golubr |       |       |       |       |       |     1 |       |     1 |     2 ||     4
       Statue Form       |       |       |       |       |       |       |       |    47 |    71 ||   118
       Stoneskin         |       |       |       |       |       |       |       |     2 |     2 ||     4
       Phase Shift       |       |       |       |       |       |       |       |     7 |    18 ||    25
 Abil: Evoke Berserk Rag |       |       |       |       |    22 |     2 |     3 |       |       ||    27
       Evoke Teleportati |       |       |       |       |    21 |    28 |    16 |     8 |   113 ||   186
       End Transformatio |       |       |       |       |       |       |       |     2 |     3 ||     5
Evoke: Wand              |    23 |    17 |    27 |    12 |    23 |    18 |       |     3 |    16 ||   139
       Deck              |       |       |       |       |     7 |       |       |     4 |       ||    11
       Phial of floods   |       |       |       |       |     1 |     2 |     2 |     2 |     1 ||     8
       Phantom mirror    |       |       |       |       |     1 |       |       |       |     1 ||     2
       Box of beasts     |       |       |       |       |       |       |    10 |       |       ||    10
       Lamp of fire      |       |       |       |       |       |       |     2 |     1 |     3 ||     6
       Figurine of a zig |       |       |       |       |       |       |       |     1 |       ||     1
       Sack of spiders   |       |       |       |       |       |       |       |       |     3 ||     3
       Fan of gales      |       |       |       |       |       |       |       |       |     1 ||     1
  Use: Scroll            |     1 |     3 |    12 |    13 |    26 |    21 |    19 |    19 |    20 ||   134
       Potion            |     1 |     1 |     2 |     2 |    15 |    15 |    12 |     7 |    17 ||    72
 Stab: Sleeping          |     1 |       |     2 |     1 |       |       |       |     2 |     1 ||     7
       Confused          |       |       |     8 |       |       |       |       |       |       ||     8
       Distracted        |       |       |       |     1 |       |    12 |    11 |     8 |     9 ||    41
       Invisible         |       |       |       |       |     5 |       |       |     1 |       ||     6
       Paralysed         |       |       |       |       |       |     3 |       |       |       ||     3
       Petrified         |       |       |       |       |       |     2 |       |       |       ||     2
       Petrifying        |       |       |       |       |       |     1 |       |       |       ||     1
  Eat: Chunk             |     1 |       |     7 |    26 |    22 |     9 |    23 |    13 |     9 ||   110
       Pizza             |       |     2 |     1 |       |     4 |     2 |     1 |       |     3 ||    13
       Beef jerky        |       |       |     1 |     1 |     3 |     4 |       |       |     2 ||    11
       Fruit             |       |       |     1 |       |    11 |       |       |     4 |     8 ||    24
       Bread ration      |       |       |     1 |       |     2 |     3 |     6 |     4 |    12 ||    28
       Royal jelly       |       |       |       |       |       |     4 |       |       |     1 ||     5
       Meat ration       |       |       |       |       |       |     1 |       |       |     2 ||     3
